 Dungeon Crawl Stone Soup version 0.30-a0-949-g53dc5368d7 (webtiles) character file.

Game seed: 4130416168098897942

1598 Querens the Blocker (level 9, -1/71 HPs)
             Began as a Formicid Fighter on Mar 26, 2023.
             Was a Follower of Okawaru.
             Slain by a wyvern (10 damage)
             ... on level 6 of the Dungeon on Mar 27, 2023.
             The game lasted 00:11:11 (3638 turns).

Querens the Blocker (Formicid Fighter)              Turns: 3638, Time: 00:11:11

Health: -1/71      AC: 11    Str: 26    XL:     9   Next: 15%
Magic:  10/10      EV:  8    Int:  7    God:    Okawaru [*.....]
Gold:   211        SH:  6    Dex: 13    Spells: 8/8 levels left

rFire   . . .      SeeInvis +    a - +0 war axe
rCold   . . .      Faith    .    c - +0 buckler
rNeg    + . .      Spirit   .    t - +0 chain mail
rPois   .          Reflect  .    (helmet unavailable)
rElec   .          Rampage  .    (no cloak)
rCorr   .                        g - +0 pair of gloves
Will    .....                    (no boots) Stlth
                                 w - amulet of the acrobat
HPRegen 0.31/turn                m - ring of positive energy
MPRegen 0.12/turn                (no ring)

@: brilliant, attractive
A: permanent stasis, dig shafts and tunnels, antennae 3, four strong arms
a: Dig, Shaft Self, Renounce Religion, Heroism


You were on level 6 of the Dungeon.
You worshipped Okawaru.
Okawaru was aware of your devotion.
You visited 2 branches of the dungeon, and saw 7 of its levels.
You also visited: Ossuary.

You collected 211 gold pieces.

Inventory:

Hand Weapons
 a - a +0 war axe (weapon)
Armour
 c - a +0 buckler (worn)
 g - a +0 pair of gloves (worn)
 j - a +2 leather armour of poison resistance
 t - a +0 chain mail (worn)
Jewellery
 m - a ring of positive energy (left hand)
 w - an amulet of the acrobat (around neck)
Wands
 b - a wand of polymorph (8)
 E - a wand of digging (4)
Scrolls
 i - a scroll of summoning {unknown}
 k - 3 scrolls of poison {unknown}
 n - 2 scrolls of noise {unknown}
 p - a scroll of magic mapping {unknown}
 q - a scroll of amnesia {unknown}
 r - 2 scrolls of fear {unknown}
 s - 4 scrolls of immolation {unknown}
 u - 3 scrolls of identify {unknown}
 y - a scroll of vulnerability {unknown}
 A - 5 scrolls of teleportation {unknown}
 B - a scroll of fog {unknown}
 F - 3 scrolls of enchant armour {unknown}
 G - a scroll of enchant weapon {unknown}
Potions
 d - 4 potions of might
 e - a potion of heal wounds {unknown}
 f - 2 potions of curing
 h - 3 potions of berserk rage
 l - a potion of lignification {unknown}
 o - 2 potions of resistance {unknown}
 v - 2 potions of brilliance
 x - 2 potions of haste
 z - 2 potions of attraction
 C - a potion of invisibility {unknown}
 D - a potion of degeneration {unknown}


   Skills:
 + Level 6.7 Fighting
 + Level 5.7 Axes
 + Level 6.7 Armour
 + Level 8.1 Shields
 + Level 1.4 Invocations


You had 8 spell levels left.
You didn't know any spells.
Your spell library contained the following spells:

 Spells                   Type           Power      Damage    Failure   Level
 Cigotuvi's Dreadful Rot  Necr/Pois/Air  0%         N/A       99%         2
 Poisonous Vapours        Pois/Air       0%         N/A       99%         2
 Ignite Poison            Fire/Tmut/Pois 0%         N/A       100%        3
 Kindle Blastsparks       Fire/Tloc/Air  0%         2d10      100%        3
 Mephitic Cloud           Conj/Pois/Air  0%         N/A       100%        3
 Freezing Cloud           Conj/Ice/Air   0%         6-21      100%        5


Dungeon Overview and Level Annotations

Branches:
Dungeon (6/15)             Temple (1/1) D:5         Ossuary (visited)

Altars:
Dithmenos
Elyvilon
Gozag
Hepliaklqana
Kikubaaqudgha
Okawaru
Qazlal
Ru
Sif Muna
Uskayaw
Vehumet
Wu Jian
Yredelemnul
Zin
The Shining One


Innate Abilities, Weirdness & Mutations

You cannot be hasted, slowed, berserked, paralysed or teleported.
You can dig through walls and to a lower floor.
You have a pair of large antennae on your head. (SInv)
Your four strong arms can wield two-handed weapons with a shield.


Message History

You hit the white imp.
The white imp is heavily wounded.
You hit the orc but do no damage. The wyvern barely misses you.
The orc hits you with a +0 club. The white imp barely misses you.
You hit the wyvern but do no damage. You barely miss the orc.
You completely miss the white imp.
The wyvern bites you but does no damage.
The white imp hits you but does no damage.
The orc closely misses you. The wyvern bites you!
* * * LOW HITPOINT WARNING * * *
Unknown command.
Unknown command.
Okay, then.
The wyvern attacks as you move away! The wyvern bites you!
* * * LOW HITPOINT WARNING * * *
The orc misses you.
It was a potion of berserk rage.
Your stasis prevents you from going berserk.
The wyvern barely misses you. The orc completely misses you.
You block the wyvern's attack.
It was a potion of curing.
You feel better.
The wyvern bites you but does no damage.
The orc barely misses you. The orc attacks as you move away!
The orc hits you but does no damage. The wyvern attacks as you move away!
The wyvern bites you but does no damage.
The wyvern misses you. The wyvern attacks as you move away!
The wyvern bites you.
* * * LOW HITPOINT WARNING * * *
It was a potion of brilliance.
You feel clever all of a sudden. You block the wyvern's attack.
The wyvern bites you but does no damage.
It was a potion of haste.
Your stasis prevents you from being hasted.
The wyvern bites you but does no damage.
It was a potion of attraction.
You feel attractive to monsters. The wyvern bites you!
You die...

.#......# .#......#
.#......# ##......#.#
........#.#
######.##.#
.#####.##.#####
.......)......#######
.#####.##.###.ol@...#
## #.##.###.5####.#
#..)...#..####.##
####.#.#.).......
#.#.....#.#.##
#.........#
######......#
######## {


You could see a wyvern, a white imp and an orc.

Vanquished Creatures
  Grinder (D:5)
  A water moccasin (D:5)
  An ice beast (D:5)
  A black bear (D:4)
  2 ogres
  2 scorpions
  6 water moccasin zombies (Ossuary)
  2 hounds (D:5)
  2 orc priests (D:6)
  A jelly (D:4)
  An iguana (D:5)
  Terence (D:3)
  An orc wizard (D:4)
  2 mummies (Ossuary)
  4 gnolls (D:5)
  7 adders
  2 white imps (D:5)
  3 adder zombies (Ossuary)
  A worm (D:2)
  4 dart slugs
  12 orcs
  3 bats
  7 endoplasms
  2 giant cockroaches (D:2)
  3 gnoll zombies (Ossuary)
  4 goblins
  6 hobgoblins
  11 jackals (D:1)
  11 kobolds
  3 quokkas
  9 ball pythons
  7 hobgoblin zombies (Ossuary)
  A kobold zombie (Ossuary)
  7 orc zombies (Ossuary)
  6 rats
137 creatures vanquished.

Notes
Turn   | Place    | Note
-------+----------+-------------------------------------------
     0 | D:1      | Querens the Formicid Fighter began the quest for the Orb.
     0 | D:1      | Reached XP level 1. HP: 18/18 MP: 1/1
    79 | D:1      | Reached XP level 2. HP: 24/24 MP: 2/2
   247 | D:1      | Reached XP level 3. HP: 19/29 MP: 3/3
   729 | D:2      | Reached XP level 4. HP: 37/37 MP: 4/4
  1140 | D:2      | Found a faded altar of an unknown god.
  1594 | D:3      | Noticed Terence
  1606 | D:3      | Reached skill level 5 in Shields
  1606 | D:3      | Reached XP level 5. HP: 29/42 MP: 5/5
  1609 | D:3      | Killed Terence
  1922 | D:4      | Noticed a black bear
  1931 | D:4      | Killed a black bear
  1932 | D:4      | Reached XP level 6. HP: 37/49 MP: 6/6
  2008 | D:4      | Found a sand-covered staircase.
  2022 | Ossuary  | Entered an ossuary
  2074 | Ossuary  | Reached XP level 7. HP: 36/55 MP: 7/7
  2100 | Ossuary  | Reached skill level 5 in Fighting
  2100 | Ossuary  | Reached skill level 5 in Armour
  2100 | Ossuary  | Reached skill level 6 in Shields
  2195 | Ossuary  | HP: 1/56 [mummy (9)]
  2604 | D:4      | Reached XP level 8. HP: 55/63 MP: 8/8
  2895 | D:5      | Entered Level 5 of the Dungeon
  2979 | D:5      | Found a glowing silver altar of Zin.
  3014 | D:5      | Reached skill level 7 in Shields
  3102 | D:5      | Found a staircase to the Ecumenical Temple.
  3126 | D:5      | Reached skill level 5 in Axes
  3140 | Temple   | Entered the Ecumenical Temple
  3173 | Temple   | Became a worshipper of Warmaster Okawaru
  3338 | D:5      | Noticed Grinder
  3344 | D:5      | Killed Grinder
  3426 | D:5      | Found an ancient bone altar of Kikubaaqudgha.
  3430 | D:5      | Found a stormy altar of Qazlal.
  3491 | D:5      | Reached * piety under Okawaru
  3563 | D:6      | Reached XP level 9. HP: 68/71 MP: 9/9
  3586 | D:6      | Reached skill level 8 in Shields
  3589 | D:6      | Reached skill level 1 in Invocations
  3638 | D:6      | Slain by a wyvern

Illustrated notes

Levels and vault maps discovered:
D:1:      ncdulo_lavacross, layout_loops_corners
D:2:      layout_basic, basic_ecumenical_altar, grunt_decor_fettered
D:3:      layout_basic, uniq_terence
D:4:      layout_loops_ring, lightli_ossuary_entry_decrepit_ruins,
          chequers_serial_rivers_micro_d
D:5:      layout_basic, mainiacjoe_overflow_tiny_flanked, lemuel_doored_altar,
          grunt_qazlal_clouds, temple_fountains, uniq_grinder
D:6:      layout_loops_cross
Temple:   chequers_temple_sunken

Skill      XL: |  1  2  3  4  5  6  7  8  9 |
---------------+----------------------------+-----
Fighting       | 4 5 6 |  6.7
Armour         | 4 5 6 |  6.7
Shields        | 5 6 7 8 |  8.1
Axes           | 3 4 5 |  5.7
Invocations    | 1 |  1.4

Action                     |  1- 3 |  4- 6 |  7- 9 || total
---------------------------+-------+-------+-------++-------
  Melee: War axe           |   109 |   146 |   224 ||   479
    Use: Potion            |       |       |     5 ||     5
 Armour: Scale mail        |    61 |    32 |       ||    93
         Chain mail        |       |    62 |   115 ||   177
  Dodge: Dodged            |    53 |    67 |    95 ||   215
  Block: Buckler           |    24 |    44 |    59 ||   127

Table legend: (Time is in decaauts)
 A = Elapsed time spent in this place.
 B = Non-inter-level travel time spent in this place.
 C = Inter-level travel time spent in this place.
 D = Time resting spent in this place.
 E = Time spent auto-exploring this place.
 F = Levels seen in this place.
 G = Mean time per level.
                   A        B        C        D        E       F      G
               +--------+--------+--------+--------+--------+-----+--------+
         Total |   3810 |   3521 |    289 |     21 |      0 |   8 |  476.2 |
       Dungeon |   3406 |   3138 |    268 |      0 |      0 |   6 |  567.7 |
        Temple |     64 |     43 |     21 |      0 |      0 |   1 |   64.0 |
       Ossuary |    339 |    339 |      0 |     21 |      0 |   1 |  339.0 |
               +--------+--------+--------+--------+--------+-----+--------+

Top non-repeatable levels by time:
     D:1: 750 daAuts
     D:4: 700 daAuts
     D:2: 694 daAuts
     D:5: 624 daAuts
     D:3: 542 daAuts
 Ossuary: 339 daAuts
     D:6: 93 daAuts
  Temple: 64 daAuts
